 Dungeon Crawl Stone Soup version 0.29.1-12-g30fa7ad0bf (webtiles) character file.

Game seed: 12769758398418829450

119 booth the Chopper (level 4, -6/34 HPs)
             Began as a Demonspawn Gladiator on Dec 26, 2022.
             Was a Follower of Ashenzari.
             Mangled by Crazy Yiuf
             ... wielding a +3 quarterstaff of chaos
              (12 damage)
             ... on level 2 of the Dungeon on Dec 27, 2022.
             The game lasted 00:15:44 (2009 turns).

booth the Chopper (Demonspawn Gladiator)            Turns: 2009, Time: 00:15:45

Health: -6/34      AC:  7    Str: 14    XL:     4   Next: 74%
Magic:  5/5        EV: 13    Int: 11    God:    Ashenzari [*.....]
Gold:   57         SH:  0    Dex: 17    Spells: 4/4 levels left

rFire   . . .      SeeInvis .   a - +0 war axe of the Unveiling Jealousy {Self, Cun} (curse)
rCold   . . .      Faith    .   (no shield)
rNeg    + . .      Spirit   .   b - +1 leather armour
rPois   .          Reflect  .   c - +0 helmet
rElec   .          Harm     .   g - +1 cloak "Seer of Ashenzari" {Melee, Comp} (curse)
rCorr   .          Rampage  .   (no gloves)
Will    .....                   (no boots)
Stlth   +++.......              (no amulet)
HPRegen 0.11/turn               h - ring of positive energy
MPRegen 0.09/turn               (no ring)

@: lethally poisoned (-6 -> -25)
A: thin skeletal structure 1, foul stench 1, weakness stinger 1
a: Renounce Religion, Shatter the Chains


You were on level 2 of the Dungeon.
You worshipped Ashenzari.
Ashenzari was aware of your devotion.
You visited 1 branch of the dungeon, and saw 2 of its levels.

You collected 57 gold pieces.

Inventory:

Hand Weapons
 a - the cursed +0 war axe of the Unveiling Jealousy (weapon) {Self, Cun}

   It has a curse which improves the following skills: Introspection: Fighting
   and Spellcasting.
   Cunning:   Dodging and Stealth.
Missiles
 d - 4 throwing nets (quivered)
 e - 7 javelins
Armour
 b - a +1 leather armour (worn)
 c - a +0 helmet (worn)
 f - a +0 ring mail
 g - the cursed +1 cloak "Seer of Ashenzari" (worn) {Melee, Comp}
   (You found it on level 2 of the Dungeon)

   It has a curse which improves the following skills: Melee Combat: Short
   Blades, Long Blades, Axes, Maces & Flails, Polearms, Staves and Unarmed
   Combat.
   Companions: Summonings and Necromancy.
Jewellery
 h - a ring of positive energy (left hand)
Scrolls
 j - a scroll of noise
 k - a scroll of teleportation
 m - a scroll of identify
Potions
 i - 2 potions of curing
 l - 2 potions of heal wounds


   Skills:
 + Level 2.2(2.9) Fighting
 * Level 4.3(5.1) Axes
 + Level 2.0 Throwing
 + Level 0.6 Armour
 + Level 3.0(3.8) Dodging
 * Level 0.8(1.3) Stealth
 * Level 0.4(0.8) Spellcasting


You had 4 spell levels left.
You didn't know any spells.
Your spell library contained the following spells:

 Spells                   Type           Power      Damage    Failure   Level
 Gell's Gravitas          Tloc           0%         N/A       77%         3
 Teleport Other           Tloc           0%         N/A       77%         3
 Dispersal                Tloc           0%         N/A       100%        6


Dungeon Overview and Level Annotations

Branches:
Dungeon (2/15)

Altars:
Ashenzari
Wu Jian

Annotations:
D:2 Crazy Yiuf


Innate Abilities, Weirdness & Mutations

You have a somewhat thin skeletal structure. (Dex +2, Stealth+)
You may rarely emit foul miasma when damaged in melee.
You have a small tail.


Message History

The kobold barely misses you.
You barely miss the kobold. The kobold hits you but does no damage.
You closely miss the kobold. The kobold hits you but does no damage.
You barely miss the kobold.
The kobold hits you with a +0 short sword.
You closely miss the kobold. You tail-slap the kobold.
The kobold is moderately wounded.
The kobold closely misses you.
You hit the kobold.
You kill the kobold!
Things that are here:
a +0 short sword; 5 stones; a +0 leather armour HP restored.
You see here a +0 whip.
Could not explore, unopened runed door.
Okay, then.
Level annotation: 1 runed translucent door, Crazy Yiuf Welcome back, booth the Demonspawn Gladiator.
Ashenzari says: Partake of my vision.
Partake of my curse.
Press ? for a list of commands and other information.
Okay, then.
You open the door. You hit Crazy Yiuf but do no damage.
Crazy Yiuf closely misses you.
You closely miss Crazy Yiuf.
Crazy Yiuf cries, "You leg down broken song, no?"
Crazy Yiuf hits you with a +3 quarterstaff of chaos.
You hit Crazy Yiuf but do no damage.
Crazy Yiuf grits, "Prologue!
Spliff bush senile."
Crazy Yiuf hits you with a +3 quarterstaff of chaos!
Crazy Yiuf burns you.
You emit a cloud of foul miasma!
You hit Crazy Yiuf.
Crazy Yiuf is moderately wounded.
Crazy Yiuf is engulfed in dark miasma.
Crazy Yiuf is poisoned.
Crazy Yiuf hits you with a +3 quarterstaff of chaos!
* * * LOW HITPOINT WARNING * * *
You are lethally poisoned!
Crazy Yiuf is engulfed in dark miasma.
Crazy Yiuf looks even sicker.
Crazy Yiuf seems to slow down.
Crazy Yiuf hits you with a +3 quarterstaff of chaos!
You die...

#....###.........##
#....# #........##.
#....# #.......##..
##...# #.....#.#...
##.## #...........
##.# #...........
#.## #.....#.....
##.# #.....#.....
#@## #.....##....
#g# #.....###...
... #.....# ####
#...# #....## #)..#
#...## ##### #####


You could see Crazy Yiuf (very poisoned, slow).

Vanquished Creatures
  4 gnolls
  3 adders (D:2)
  12 endoplasms
  2 giant cockroaches
  2 hobgoblins (D:2)
  3 jackals (D:1)
  7 kobolds
  2 ball pythons (D:2)
  3 bats
  3 frilled lizards (D:2)
  7 goblins
  4 rats
52 creatures vanquished.

Notes
Turn   | Place    | Note
-------+----------+-------------------------------------------
     0 | D:1      | booth the Demonspawn Gladiator began the quest for the Orb.
     0 | D:1      | Reached XP level 1. HP: 16/16 MP: 1/1
   129 | D:1      | Reached skill level 3 in Axes
   129 | D:1      | Gained mutation: You have a somewhat thin skeletal
                  | structure. (Dex +2, Stealth+) [demonic ancestry]
   129 | D:1      | Reached XP level 2. HP: 16/22 MP: 2/2
   471 | D:1      | Found a faded altar of an unknown god.
   477 | D:1      | Prayed at the altar of an unknown god.
   477 | D:1      | Became a worshipper of Ashenzari the Shackled
   547 | D:1      | HP: 1/23 [gnoll/+0 spear (5)]
   552 | D:1      | Gained mutation: You may rarely emit foul miasma when
                  | damaged in melee. [demonic ancestry]
   552 | D:1      | Reached XP level 3. HP: 2/28 MP: 3/3
  1435 | D:2      | Gained mutation: You have a small tail. [demonic ancestry]
  1435 | D:2      | Reached XP level 4. HP: 28/34 MP: 4/4
  1444 | D:2      | Reached skill level 4 in Axes
  1728 | D:2      | Reached * piety under Ashenzari
  1758 | D:2      | Found an ornate altar of the Wu Jian Council.
  1781 | D:2      | Found a runed translucent door.
  1782 | D:2      | Noticed Crazy Yiuf
  2009 | D:2      | Mangled by Crazy Yiuf

Illustrated notes

Levels and vault maps discovered:
D:1:      saegor_arrival_simple_a, layout_rooms, ebering_ecumenical_altar_hall
D:2:      layout_rooms, basic_altar, chequers_avenue, hangedman_glass_teeth,
          minmay_small_reverse_x, uniq_crazy_yiuf_cottage

Skill      XL: |  1  2  3  4 |
---------------+-------------+-----
Axes           | 3 4 |  4.3
Dodging        | 3 |  3.0
Throwing       | 2 |  2.0
Fighting       | |  2.2
Armour         | |  0.6
Stealth        | |  0.8
Spellcasting   | |  0.4

Action                   |  1- 3 |  4- 6 || total
-------------------------+-------+-------++-------
Melee: War axe           |    77 |    45 ||   122
       Tailslap          |       |     4 ||     4
Throw: Javelin           |       |     1 ||     1
Invok: Curse Item        |     1 |     1 ||     2
  Use: Potion            |     2 |       ||     2
       Scroll            |     4 |       ||     4
 Stab: Sleeping          |     2 |       ||     2
Armor: Leather armour    |    28 |    18 ||    46
       Skin              |     6 |       ||     6
Dodge: Dodged            |    50 |    35 ||    85
